 Dungeon Crawl Stone Soup version 0.18.1-50-g88ac8fd (console) character file.

49 CALLOUS the Chopper (level 3, -1/33 HPs)
             Began as a Deep Dwarf Chaos Knight on May 17, 2018.
             Slain by a hell rat (14 damage)
             ... on level 2 of the Dungeon.
             The game lasted 00:20:32 (1313 turns).

CALLOUS the Chopper (Deep Dwarf Chaos Knight)       Turns: 1313, Time: 00:20:33

Health: -1/33      AC:  6    Str: 16    XL:     3   Next: 51%
Magic:  4/4        EV: 12    Int: 12    God:    Xom [...*..]
Gold:   49         SH:  0    Dex: 12    Spells: 0 memorised, 2 levels left

rFire  . . .     SeeInvis .     a - +0 hand axe (chaos)
rCold  . . .     Gourm    .     b - +2 leather armour
rNeg   . . .     Faith    .     (no shield)
rPois  .         Spirit   .     h - +0 helmet
rElec  .         Dismiss  .     (no cloak)
rCorr  .         Reflect  .     (no gloves)
SustAt .         Harm     .     (no boots)
MR     .....                    (no amulet)
Stlth  +.........               (no ring)
                                (no ring)

@: non-regenerating, not resistant to hostile enchantments, very unstealthy
A: damage resistance, recharge devices, sense surroundings 1, slow regeneration
3
a: Device Recharging, Renounce Religion


You were on level 2 of the Dungeon.
You worshipped Xom.
You were a favourite toy of Xom.
You were not hungry.

You visited 1 branch of the dungeon, and saw 2 of its levels.

You collected 49 gold pieces.

Inventory:

Hand Weapons
 a - a +0 hand axe of chaos (weapon)
 n - a +0 club
Missiles
 e - 21 bolts
 f - 31 stones (quivered)
 i - 35 sling bullets
 l - 19 arrows
Armour
 b - a +2 leather armour (worn)
 h - a +0 helmet (worn)
 p - a +0 scale mail
 t - a +0 helmet
Wands
 c - a wand of heal wounds (5/9)
Scrolls
 g - a scroll of recharging {unknown}
 k - a scroll of magic mapping {unknown}
 r - a scroll of remove curse {unknown}
 s - a scroll of identify {unknown}
Potions
 j - a potion of beneficial mutation {unknown}
 m - a potion of haste {unknown}
 o - a potion of resistance {unknown}
Comestibles
 d - a bread ration
 q - a chunk of flesh


   Skills:
 + Level 2.9 Fighting
 * Level 4.1 Axes
 * Level 2.2 Armour
 * Level 2.0 Dodging
 * Level 1.3 Evocations


You had 2 spell levels left.
You didn't know any spells.

Dungeon Overview and Level Annotations

Branches:
Dungeon (2/15)

Altars:


Innate Abilities, Weirdness & Mutations

You are resistant to damage.
You can recharge devices by infusing magical energy.
You passively map a small area around you.
You do not regenerate naturally.


Message History

The floor, spattered with blood.
Press: ? - help, v - describe, . - travel
Here: a hell rat (moderately wounded)
The floor, spattered with blood.
You hit the hell rat but do no damage.
The hell rat is moderately wounded.
The hell rat closely misses you.
Press: ? - help, v - describe, . - travel
Here: a hell rat (moderately wounded)
The floor, spattered with blood.
You hit the hell rat. You freeze the hell rat.
The hell rat is severely wounded.
The hell rat misses you.
You barely miss the hell rat.
The hell rat is severely wounded.
The hell rat closely misses you. The hell rat misses you.
You hit the hell rat but do no damage.
The hell rat is poisoned.
The hell rat is severely wounded.
The hell rat bites you!
You die...

, * .... **, , ### # *
#. * * * #( .. ##.#*
#.#* ##... #.# # ....#*
#.### ## , , . ...
#.#.## ##.
#...##r#######....####..
.......@.............'..
#...##.######.....####..
# #. #....## ##. #.
#.#### ## * , #. #.# #
**#. #.# , ,, .. #.# ##
#.# ## #.# ##. , #.# #..
* #.# #..


You could see a hell rat.

Vanquished Creatures
  An adder (D:2)
  A dart slug (D:1)
  A ball python (D:2)
  10 goblins
  2 hobgoblins
  7 jackals (D:1)
  3 kobolds
  3 bats
  3 giant newts
  2 rats (D:1)
33 creatures vanquished.

Notes
Turn   | Place    | Note
--------------------------------------------------------------
     0 | D:1      | CALLOUS the Deep Dwarf Chaos Knight began the quest for the Orb.
     0 | D:1      | Reached XP level 1. HP: 20/20 MP: 1/1
    39 | D:1      | XOM: harmless Pois miscast
   199 | D:1      | Reached XP level 2. HP: 27/27 MP: 2/2
   480 | D:1      | XOM: cast spell 'Spider Form'
   486 | D:1      | Reached skill level 1 in Evocations
   539 | D:1      | Reached skill level 4 in Axes
   818 | D:1      | Reached XP level 3. HP: 29/33 MP: 3/3
  1057 | D:2      | XOM: silly message
  1120 | D:2      | XOM: god gift: scale mail {god gift}
  1313 | D:2      | Slain by a hell rat

Skill      XL: |  1  2  3 |
---------------+----------+-----
Evocations     | 1 |  1.3
Axes           | 4 |  4.1
Dodging        | 2 |  2.0
Fighting       | |  2.9
Armour         | |  2.2

Action                   || total
-------------------------++-------
Melee: Hand axe          ||    99
       Unarmed           ||     2
Throw: Stone             ||    75
  Eat: Chunk             ||     1
Armor: Leather armour    ||    36
Dodge: Dodged            ||    60
